 Dungeon Crawl Stone Soup version 0.30.0-5-g1a98f26d00 (webtiles) character file.

Game seed: 1811336477822686330

1480 Kass the Trooper (level 9, -4/66 HPs)
             Began as a Djinni Cinder Acolyte on May 12, 2023.
             Was an Initiate of Dithmenos.
             Slain by a fire elemental (13 damage)
             ... created by the fiery vengeance of Ignis
             ... on level 4 of the Dungeon.
             The game lasted 00:18:06 (6837 turns).

Kass the Trooper (Djinni Cinder Acolyte)            Turns: 6837, Time: 00:18:06

Health: -4/66      AC:  2    Str: 17    XL:     9   Next: 7%
Gold:   213        EV: 13    Int: 17    God:    Dithmenos [......] SH:  0 Dex:  8

rFire   . .          .
                       - Unarmed
rCold   x . .        (no shield)
rNeg    . . .        a - +0 robe
rPois   ∞            (no helmet)
rElec   .            (no cloak)
rCorr   .            (no gloves)
SInv    +            (boots unavailable)
Will    .....        (no amulet)
Stlth   ++           d - ring of see invisible
HPRegen 0.31/turn    (no ring)
MPRegen 0.00/turn

%: infuse magic (-5 HP)
@: flying, fire susceptible
A: sickness immunity, fire resistance 2, cold vulnerability 1, float, innate
caster, HP casting, extra vitality 1
a: Renounce Religion


You were on level 4 of the Dungeon.
You worshipped Dithmenos.
Dithmenos was noncommittal.
You visited 1 branch of the dungeon, and saw 5 of its levels.
You also visited: Sewer.

You collected 213 gold pieces.

Inventory:

Missiles
 v - 2 throwing nets
Armour
 a - a +0 robe (worn)
Jewellery
 d - a ring of see invisible (left hand)
 l - a ring of willpower
 p - a ring of resist corrosion
 y - a ring of protection from cold
 C - a +4 ring of protection
Wands
 h - a wand of roots (6)
Scrolls
 c - a scroll of fog {unknown}
 e - 3 scrolls of blinking {unknown}
 f - 4 scrolls of identify {unknown}
 i - 2 scrolls of enchant armour {unknown}
 j - 6 scrolls of teleportation {unknown}
 n - a scroll of fear {unknown}
 o - a scroll of noise {unknown}
 u - a scroll of summoning {unknown}
 A - a scroll of torment {unknown}
 B - a scroll of immolation {unknown}
Potions
 b - 6 potions of heal wounds {unknown}
 g - 2 potions of degeneration {unknown}
 k - 3 potions of curing {unknown}
 m - a potion of magic {unknown}
 q - a potion of mutation {unknown}
 r - 2 potions of haste {unknown}
 s - 2 potions of might {unknown}
 t - a potion of flight {unknown}
 w - a potion of attraction {unknown}
 x - a potion of resistance {unknown}
 z - a potion of berserk rage {unknown}


   Skills:
 + Level 6.1 Fighting
 + Level 5.4 Dodging
 + Level 4.4 Stealth
 + Level 6.0 Unarmed Combat
 - Level 2.6 Spellcasting


You knew the following spells:

 Your Spells              Type           Power      Damage    Failure   Level
a - Scorch                Fire           22%        2d6       9%          2
b - Beastly Appendage     Tmut           22%        N/A       6%          1
c - Ensorcelled Hibernat  Hex/Ice        22%        N/A       9%          2
d - Spider Form           Tmut/Pois      11%        N/A       19%         3
e - Sticky Flame          Conj/Fire      11%        2d3       52%         4
Your spell library was empty.

Dungeon Overview and Level Annotations

Branches:
Dungeon (5/15)              Sewer (visited)
 Temple: D:4-7

Altars:
Dithmenos
Gozag
Zin

Shops:
D:2 [


Innate Abilities, Weirdness & Mutations

You are immune to sickness and miasma.
You are immune to poison.
Your flesh is very heat resistant. (rF++)
You are vulnerable to cold. (rC-)
You float through the air rather than walking.
You learn spells naturally, not from books.
Your magical power is your life essence.
You have superior vitality. (+4 MHP)


Message History

Found 4 stones and 11 gold pieces.
Really fly into that dispersal trap?
You enter a dispersal trap!
The jelly blinks!
You blink.
Your transformation has ended.
Your +0 robe unmelds from your body.
Items here: )))) [[[[.
There is a stone staircase leading up here.
You fly upwards.
There is a stone staircase leading down here.
You start resting.
You are no longer corroded.
You start resting.
A ball python comes into view.
A ball python is nearby!
You see here a +0 club.
You start resting.
Ignis wails with rage, and rains down burning fury! 3 fire elementals come into view.
The fire elemental misses you. The fire elemental misses you.
You hit the fire elemental.
The fire elemental is lightly damaged.
The fire elemental hits you. The fire elemental burns you!
The fire elemental closely misses you.
You closely miss the fire elemental. The fire elemental barely misses you.
The fire elemental hits you. The fire elemental burns you!
The fire elemental barely misses you.
You closely miss the fire elemental. The fire elemental hits you.
The fire elemental burns you! The fire elemental closely misses you.
The fire elemental hits you. The fire elemental burns you!
* * * LOW HITPOINT WARNING * * *
The fire elemental hits you.
* * * LOW HITPOINT WARNING * * *
The fire elemental burns you!
* * * LOW HITPOINT WARNING * * *
The fire elemental barely misses you. The fire elemental closely misses you.
You hit the fire elemental but do no damage.
The fire elemental hits you. The fire elemental burns you!
You die...

....##.......####
.#####..........#
.##..........##.#######
.##.#........##.......#
.##.#..##...<....####.#
.................####.#
.##.#...##.........##.#
...............E.#.##.###
.##.#......#.☼☼#@#.##.#.##
.##.#.....#.○○EE.......#.##
.##......°#○°○..#.......#.#
.####....°.°....#.........##
.####.....#.....###.##.....##
>....)....#.....# #.#..#....#
.###.############ #...###...#
## #.# #..##.##..# ####.####
#######.##...##.#


You could see 3 fire elementals.

Vanquished Creatures
  Pikel (D:4)
  2 ice beasts (D:5)
  An ogre (D:5)
  4 lemures
  4 orc priests
  2 hounds (D:5)
  A jelly (D:5)
  3 iguanas
  A sleepcap (D:4)
  6 orc wizards
  10 adders
  A gnoll (D:3)
  7 river rats
  A worm (D:3)
  2 dart slugs
  15 orcs
  7 endoplasms
  5 giant cockroaches
  12 hobgoblins
  13 jackals
  5 quokkas
  8 ball pythons
  7 bats
  5 frilled lizards
  5 goblins
  4 kobolds
  14 rats
146 creatures vanquished.

Vanquished Creatures (others)
  6 foxfires (D:1)
6 creatures vanquished.

Grand Total: 152 creatures vanquished

Notes
Turn   | Place    | Note
-------+----------+-------------------------------------------
     0 | D:1      | Kass the Djinni Cinder Acolyte began the quest for the Orb.
     0 | D:1      | Kass set off with the following spells memorised: Scorch.
     0 | D:1      | Reached XP level 1. HP: 20/20 MP: 0/0
    41 | D:1      | Reached XP level 2. HP: 15/25 MP: 0/0
   373 | D:1      | Reached XP level 3. HP: 13/30 MP: 0/0
   373 | D:1      | Learned a level 1 spell: Beastly Appendage
   889 | D:2      | Reached skill level 1 in Dodging
   889 | D:2      | Reached XP level 4. HP: 28/35 MP: 0/0
  1186 | D:2      | Reached skill level 1 in Stealth
  1277 | D:2      | Found Oxaaf's Armour Shop.
  1485 | D:2      | Reached XP level 5. HP: 32/41 MP: 0/0
  1485 | D:2      | Learned a level 2 spell: Ensorcelled Hibernation
  1710 | D:3      | Found an opulent altar of Gozag.
  1711 | D:3      | Found a glowing silver altar of Zin.
  2185 | D:3      | Reached XP level 6. HP: 43/47 MP: 0/0
  2365 | D:3      | Found a glowing drain.
  2374 | Sewer    | Entered a sewer
  3709 | D:3      | Reached XP level 7. HP: 22/53 MP: 0/0
  3709 | D:3      | Learned a level 3 spell: Spider Form
  3850 | D:4      | Noticed Pikel
  4185 | D:4      | Killed Pikel
  4186 | D:4      | Reached skill level 5 in Fighting
  4186 | D:4      | Reached skill level 5 in Unarmed Combat
  4186 | D:4      | Reached XP level 8. HP: 5/59 MP: 0/0
  5130 | D:5      | Entered Level 5 of the Dungeon
  5775 | D:5      | Reached skill level 5 in Dodging
  6299 | D:5      | Reached XP level 9. HP: 61/66 MP: 0/0
  6299 | D:5      | Learned a level 4 spell: Sticky Flame
  6456 | D:5      | Found a shadowy altar of Dithmenos.
  6510 | D:5      | Fell from the grace of Ignis
  6510 | D:5      | Became a worshipper of Dithmenos the Shadowed
  6628 | D:5      | HP: 2/66 [acid (6)]
  6837 | D:4      | Slain by a fire elemental

Illustrated notes

Levels and vault maps discovered:
D:1:      scummos_arrival_star, layout_rooms
D:2:      layout_loops_ring, serial_shops, shop
D:3:      layout_basic, grunt_temple_overflow_gold_and_silver,
          mainiacjoe_overflow_24_doors, portal_sewer_entry_b, serial_bayou,
          serial_bayou_pond_e, serial_bayou_shore_a, serial_bayou_shore_b,
          serial_bayou_lake_a, serial_bayou_pond_d, serial_bayou_pond_b,
          kennysheep_generic_room_9
D:4:      layout_loops_cross, enter_ossuary_5, chequers_serial_rivers_room_b,
          chequers_serial_rivers_micro_e, item_on_display_a, uniq_pikel
D:5:      layout_loops_cross, nicolae_dithmenos_shadow_blocks,
          nicolae_hepliaklqana_hippocampus, hangedman_abyss_or_decor_slice

Skill      XL: |  1  2  3  4  5  6  7  8  9 |
---------------+----------------------------+-----
Dodging        | 1 2 3 4 5 |  5.4
Stealth        | 1 2 3 4 |  4.4
Fighting       | 4 5 6 |  6.1
Unarmed Combat | 4 5 6 |  6.0
Spellcasting   | |  2.6

Action                     |  1- 3 |  4- 6 |  7- 9 || total
---------------------------+-------+-------+-------++-------
  Melee: Unarmed           |    70 |   161 |   152 ||   383
         Punch             |     4 |     3 |     5 ||    12
         Headbutt          |     1 |     7 |       ||     8
   Cast: Scorch            |    10 |    51 |    13 ||    74
         Beastly Appendage |     4 |     7 |     1 ||    12
         Spider Form       |       |       |    15 ||    15
 Invoke: Foxfire Swarm     |     1 |       |       ||     1
   Stab: Sleeping          |       |     2 |     2 ||     4
         Distracted        |       |     1 |       ||     1
 Armour: Robe              |    20 |    19 |     4 ||    43
         Skin              |       |       |     2 ||     2
  Dodge: Dodged            |    58 |   105 |    93 ||   256
